 Dungeon Crawl Stone Soup version 0.18.1-48-g4cf74bf (webtiles) character file.

46 MARSONE the Shield-Bearer (level 3, 0/24 HPs)
             Began as a Gargoyle Fighter on Sept 6, 2016.
             Slain by a worm (2 damage)
             ... on level 3 of the Dungeon.
             The game lasted 00:04:05 (703 turns).

MARSONE the Shield-Bearer (Gargoyle Fighter)         Turns: 703, Time: 00:04:06

Health: 0/24       AC: 10    Str: 19    XL:     3   Next: 68%
Magic:  3/3        EV:  7    Int:  8    God:
Gold:   59         SH:  9    Dex: 10    Spells: 0 memorised, 2 levels left

rFire  . . .     SeeInvis .     a - +0 flail
rCold  . . .     Gourm    .     b - +0 scale mail
rNeg   + . .     Faith    .     c - +0 shield
rPois  ∞         Spirit   .     (no helmet)
rElec  +         Dismiss  .     (no cloak)
rCorr  .         Reflect  .     (no gloves)
SustAt .         Harm     .     (no boots)
MR     .....                    (no amulet)
Stlth  ..........               (no ring)
                                (no ring)

@: not resistant to hostile enchantments, extremely unstealthy
A: negative energy resistance 1, electricity resistance, unbreathing,
petrification resistance, rot immunity, AC +3
a: no special abilities


You were on level 3 of the Dungeon.
You were not hungry.

You visited 1 branch of the dungeon, and saw 3 of its levels.

You collected 59 gold pieces.

Inventory:

Hand Weapons
 a - a +0 flail (weapon)
Armour
 b - a +0 scale mail (worn)
 c - a +0 shield (worn)
Scrolls
 e - a scroll of recharging {unknown}
 g - a scroll of remove curse {unknown}
 h - 2 scrolls of identify {unknown}
 j - a scroll of noise {unknown}
Potions
 d - 2 potions of might
 l - a potion of agility {unknown}
Comestibles
 f - a bread ration
 k - a meat ration


   Skills:
 + Level 3.9 Fighting
 + Level 2.2 Maces & Flails
 + Level 3.5 Armour
 + Level 4.1 Shields


You had 2 spell levels left.
You didn't know any spells.

Dungeon Overview and Level Annotations

Branches:
Dungeon (3/15)

Altars:
Zin


Innate Abilities, Weirdness & Mutations

You are resistant to torment.
Your stone body is resilient (AC +3).
You are immune to poison.
You resist negative energy.
You are resistant to electric shocks.
You can survive without breathing.
You are immune to petrification.
You are immune to rotting.


Message History

The rat barely misses you. The giant cockroach bites you.
The adder bites you but does no damage. The worm bites you but does no damage.
The rat completely misses you. The rat barely misses you.
You block the giant cockroach's attack. The adder bites you.
The rat closely misses you. The adder barely misses you.
You block the giant cockroach's attack. The rat barely misses you.
The worm bites you.
* * * LOW HITPOINT WARNING * * *
You block the adder's attack. The rat bites you but does no damage.
The giant cockroach barely misses you. The rat bites you but does no damage.
You block the adder's attack. You block the giant cockroach's attack.
The rat bites you but does no damage. You block the rat's attack.
The adder bites you but does no damage. You block the giant cockroach's attack.
The worm bites you.
* * * LOW HITPOINT WARNING * * *
The rat barely misses you. You block the adder's attack.
The rat bites you but does no damage.
The giant cockroach bites you but does no damage.
You block the adder's attack. The rat barely misses you. The worm bites you.
You die...

#.........#
#.........#
#.....<...#
#.........#
##........###
#...........#
#......g..#.#
#!....Ssr.# ..
#.....r@w.# .
#..........#
##.......#.....
##.....#...#..
#.#####.#?..#
#.. .# .## ###
. #


You could see a worm, an adder, a giant cockroach, a goblin and 2 rats.

Vanquished Creatures
  An adder (D:2)
  2 oozes
  A worm (D:2)
  A dart slug (D:1)
  A giant gecko (D:2)
  3 bats (D:1)
  A goblin (D:1)
  4 jackals (D:1)
  3 kobolds (D:1)
  A quokka (D:2)
  3 giant newts (D:1)
  3 rats
24 creatures vanquished.

Notes
Turn   | Place    | Note
--------------------------------------------------------------
     0 | D:1      | MARSONE the Gargoyle Fighter began the quest for the Orb.
     0 | D:1      | Reached XP level 1. HP: 14/14 MP: 1/1
    95 | D:1      | Reached XP level 2. HP: 8/19 MP: 2/2
   322 | D:1      | Reached XP level 3. HP: 24/24 MP: 3/3
   531 | D:1      | You fall through a shaft!
   554 | D:2      | Found a glowing silver altar of Zin.
   591 | D:2      | Reached skill level 4 in Shields
   703 | D:3      | Slain by a worm

Skill      XL: |  1  2  3 |
---------------+----------+-----
Shields        | 4 |  4.1
Fighting       | |  3.9
Maces & Flails | |  2.2
Armour         | |  3.5

Action                   || total
-------------------------++-------
Melee: Flail             ||   114
Armor: Scale mail        ||   173
Dodge: Dodged            ||   104
Block: Shield            ||   157
